 Dungeon Crawl Stone Soup version 0.16.0-12-g7215832 (webtiles) character file.

18676 maniek23 the Unseen (level 12, 0/86 HPs)
             Began as a Vampire Enchanter on Mar 18, 2015.
             Was a High Priest of Kikubaaqudgha.
             Shot with a bolt by a yaktaur captain (9 damage)
             ... on level 14 of the Dungeon.
             The game lasted 01:48:19 (17567 turns).

maniek23 the Unseen (Vampire Enchanter)            Turns: 17567, Time: 01:48:20

Health: 0/86       AC:  9    Str:  9    XL:     12   Next: 29%
Magic:  17/28      EV: 18    Int: 17    God:    Kikubaaqudgha [*****.]
Gold:   680        SH:  0    Dex: 16    Spells: 9 memorised, 6 levels left

rFire  + . .     SeeInvis +     Y - +4 short sword (vamp)
rCold  + . .     Clarity  .     b - +1 robe
rNeg   + + +     SustAb   .     (no shield)
rPois  +         Gourm    .     g - +0 helmet (curse)
rElec  .         Spirit   .     F - +0 cloak
rCorr  .         Warding  .     r - +2 pair of gloves
rMut   .         Stasis   .     a - +0 pair of boots
MR     +....                    (no amulet)
Stlth  ++++++++..               N - ring of fire
                                y - ring of wizardry

@: manticore barbs, very slightly contaminated, regenerating slowly, somewhat
resistant to hostile enchantments, extraordinarily stealthy
A: bottle blood, fangs 3, see invisible, unbreathing
a: Bat Form, Receive Corpses, Torment, Renounce Religion


You were on level 14 of the Dungeon.
You worshipped Kikubaaqudgha.
Kikubaaqudgha was extremely pleased with you.
You were near bloodless.

You visited 2 branches of the dungeon, and saw 15 of its levels.

You collected 867 gold pieces.
You spent 187 gold pieces at shops.

Inventory:

Hand weapons
 D - a +4 dagger of speed
 J - a +2 short sword of venom
 Y - a +4 vampiric short sword (weapon)
Missiles
 i - 25 poisoned needles
 K - 5 tomahawks (quivered)
Armour
 a - a +0 pair of boots (worn)
 b - a +1 robe (worn)
 e - a +0 buckler
 g - a cursed +0 helmet (worn)
 r - a +2 pair of gloves (worn)
 F - a +0 cloak (worn)
Jewellery
 f - an uncursed ring of protection from magic
 y - a ring of wizardry (left hand)
 M - a +3 ring of intelligence
 N - a ring of fire (right hand)
Magical devices
 d - a wand of frost (7)
 j - a wand of slowing (3)
 v - a wand of fire (5)
 z - a wand of disintegration (12)
 Q - a wand of cold (9)
 X - a wand of fire (3)
 Z - a wand of cold (8)
Scrolls
 h - 10 scrolls of remove curse
 m - 3 scrolls of blinking
 n - 3 scrolls of enchant weapon
 o - 3 scrolls of summoning {unknown}
 q - 7 scrolls of magic mapping
 u - 3 scrolls of recharging
 B - a scroll of amnesia
 O - 5 scrolls of teleportation
 R - a scroll of silence {unknown}
 U - a scroll of fog
Potions
 k - 3 potions of restore abilities
 l - 3 potions of heal wounds
 p - 8 potions of curing
 s - a potion of agility
 t - 3 potions of haste
 w - 15 potions of blood
 x - a potion of degeneration {unknown}
 H - 3 potions of flight
 L - 5 potions of magic
 P - a potion of lignification {unknown}
 T - a potion of cancellation {unknown}
 V - 3 potions of might
 W - a potion of berserk rage {unknown}
Books
 c - a book of Maledictions

   Spells                             Type                      Level
   a - Corona                         Hexes                        1
   b - Sure Blade                     Hexes/Charms                 2
   c - Ensorcelled Hibernation        Hexes/Ice                    2
   d - Confuse                        Hexes                        3
   e - Dazzling Spray                 Conjuration/Hexes            3
   f - Enslavement                    Hexes                        4
 C - a book of Geomancy

   Spells                             Type                      Level
   a - Sandblast                      Earth                        1
   b - Stoneskin                      Transmutation/Earth          2
   c - Passwall                       Transmutation/Earth          3
   d - Stone Arrow                    Conjuration/Earth            3
   e - Petrify                        Transmutation/Earth          4
   f - Lee's Rapid Deconstruction     Earth                        5
 G - Kikubaaqudgha's Disquisition on Sinister Secrets
   (Kikubaaqudgha gifted it to you on level 5 of the Dungeon)

   Spells                             Type                      Level
   a - Animate Skeleton               Necromancy                   1
   b - Corpse Rot                     Necromancy                   2
   c - Sublimation of Blood           Necromancy                   2
   d - Regeneration                   Charms/Necromancy            3
   e - Control Undead                 Necromancy                   4
 S - Kikubaaqudgha's Incunabulum of Evil Rites
   (Kikubaaqudgha gifted it to you on level 7 of the Dungeon)

   Spells                             Type                      Level
   a - Excruciating Wounds            Charms/Necromancy            5
   b - Bolt of Draining               Conjuration/Necromancy       5
   c - Cigotuvi's Embrace             Necromancy                   5
   d - Dispel Undead                  Necromancy                   5
   e - Death Channel                  Necromancy                   6
Miscellaneous
 I - a lantern of shadows


   Skills:
 + Level 5.2 Fighting
 + Level 7.1 Short Blades
   Level 0.3 Polearms
 + Level 0.2 Throwing
 + Level 1.6 Armour
 + Level 9.4 Dodging
 + Level 16.0 Stealth
 + Level 2.2 Shields
 + Level 8.1 Spellcasting
 + Level 0.5 Conjurations
 + Level 11.5 Hexes
 + Level 3.3 Necromancy
 + Level 1.8 Ice Magic
 + Level 0.4 Evocations


You had 6 spell levels left.
You knew the following spells:

 Your Spells              Type           Power        Failure   Level  Hunger
a - Corona                Hex            #####..      1%          1    None
b - Confuse               Hex            #####...     1%          3    #......
c - Ensorcelled Hibernat  Hex/Ice        ##....       1%          2    None
d - Dazzling Spray        Conj/Hex       ####....     1%          3    #......
e - Animate Skeleton      Necr           N/A          1%          1    None
f - Sure Blade            Hex/Chrm       ####......   1%          2    None
g - Regeneration          Chrm/Necr      ##........   7%          3    #......
h - Enslavement           Hex            #####...     1%          4    ###....
i - Sublimation of Blood  Necr           ###.......   1%          2    None


Dungeon Overview and Level Annotations

Branches:
Dungeon (14/15)            Temple (1/1) D:4            Lair (0/8) D:9
    Orc (0/4) D:10         Vaults (0/5) D:14

Altars:
Ashenzari
Cheibriados
Dithmenos
Elyvilon
Fedhas
Gozag
Kikubaaqudgha
Makhleb
Nemelex Xobeh
Okawaru
Qazlal
Ru
Sif Muna
Trog
Vehumet
Xom
Yredelemnul
Zin
The Shining One

Shops:
D:9 *   D:11 ****?


Innate Abilities, Weirdness & Mutations

You heal slowly.
You can bottle blood from corpses.
You have razor-sharp teeth.
You have supernaturally acute eyesight.
You can survive without breathing.


Message History

There is an open door here.
You see here a bolt.
The barbed spikes dig painfully into your body as you move.
* * * LOW HITPOINT WARNING * * *
There's something blocking the doorway.
Unknown command.
You start resting.
Read which item? (? for menu, Esc to quit)
Okay, then.
A yaktaur captain is nearby!
Evoke which item? (* to show all) (? for menu, Esc to quit)
Zapping:
X - a wand of fire (4)
Press: ? - help, Shift-Dir - straight line, f - yaktaur captain
Aim: a yaktaur captain, wielding an arbalest (heavily wounded)
The bolt of fire hits the yaktaur captain.
The yaktaur captain is severely wounded.
This wand has 3 charges left.
The yaktaur captain shoots a bolt.
The bolt hits you!
You die...
Kikubaaqudgha rasps: "You have failed me!
Welcome... oblivion!"

. ..... .....# .....#
.....##
###+###.....#+###+####
#.....#.....#.........
#.....#.....+.........
+....@((....#.........
#.....#.....#.........
##+####(....#'###.....
#.........c###..##<....
..........#.....#.....
.....)..%.c.####+.....
.........Hc!((.##.....
........c...†c##.....
........(....###...#


You could see a yaktaur captain.

Vanquished Creatures
  Erica (D:10)
  4 hill giants
  An ugly thing (D:12)
  2 cyclopes
  Maurice (D:10)
  3 centaur zombies
  Joseph (D:9)
  Psyche (D:9)
  2 trolls (D:12)
  Prince Ribbit (D:8)
  3 two-headed ogres
  A trapdoor spider zombie (D:11)
  A wyvern (D:13)
  A human (D:7)
  A wraith (D:13)
  2 deep elf magi
  2 hogs (D:7)
  9 yaks
  2 steam dragons (D:10)
  A mottled dragon (D:12)
  3 hippogriffs
  2 hungry ghosts
  Edmund (D:8)
  Menkaure (D:5)
  7 ogres
  4 sky beasts
  4 centaurs
  4 ice beasts
  2 wasps
  3 phantoms
  A necrophage (D:9)
  5 orc warriors
  12 giant frogs
  Blork the orc (D:7)
  2 wyvern zombies
  3 scorpions
  13 killer bees
  A wight (D:9)
  2 goliath beetles
  2 crimson imps (D:8)
  7 hounds
  2 jellies
  A quasit (D:13)
  3 giant frog zombies
  2 giant frog skeletons
  2 centaur skeletons
  13 worker ants
  7 iguanas
  8 orc priests
  9 orc wizards
  A sky beast zombie (D:7)
  5 sheep
  4 hound skeletons
  A hound zombie (D:10)
  Terence (D:2)
  A mummy (D:9)
  24 adders
  20 gnolls
  4 shadow imps
  3 giant mites
  A goliath beetle zombie (D:7)
  3 worms
  An adder zombie (D:9)
  2 adder skeletons
  An ooze (D:2)
  65 orcs
  A bat skeleton (D:6)
  5 giant cockroaches
  24 hobgoblins
  6 jackals
  7 quokkas
  A ball python (D:5)
  13 bats
  9 giant geckos
  11 giant newts
  A giant spore (D:7)
  22 goblins
  27 kobolds
  2 orc skeletons
  A quokka skeleton (D:4)
  16 rats
  2 ballistomycetes
452 creatures vanquished.

Vanquished Creatures (collateral kills)
  An ugly thing (D:11)
  2 gargoyles
  5 yaks
  An orc warrior (D:11)
  A centaur (D:12)
  A gnoll sergeant (D:9)
  2 killer bees
  2 orc priests
  A gnoll (D:9)
  A shadow imp (D:9)
  2 orcs (D:12)
  A jackal (D:8)
  A ballistomycete (D:12)
  A fungus (D:10)
22 creatures vanquished.

Vanquished Creatures (others)
  A wyvern (D:14)
  An orc warrior (D:12)
  A yak skeleton (D:13)
  A centaur skeleton (D:8)
  A giant frog skeleton (D:10)
  An orc wizard (D:6)
  2 human skeletons
  An ogre skeleton (D:10)
  An orc (D:12)
  A bat skeleton (D:8)
  A giant spore (D:12)
  A kobold skeleton (D:9)
  4 orc skeletons
17 creatures vanquished.

Grand Total: 491 creatures vanquished

Notes
Turn   | Place    | Note
--------------------------------------------------------------
     0 | D:1      | maniek23, the Vampire Enchanter, began the quest for the Orb.
     0 | D:1      | Reached XP level 1. HP: 13/13 MP: 3/3
   490 | D:1      | Reached XP level 2. HP: 16/19 MP: 4/4
   531 | D:1      | Reached skill level 5 in Hexes
   932 | D:1      | Reached XP level 3. HP: 18/24 MP: 6/6
   963 | D:1      | Reached skill level 5 in Stealth
  1144 | D:2      | HP: 1/24 [worm (9)]
  2153 | D:2      | Reached XP level 4. HP: 30/30 MP: 7/7
  2230 | D:2      | Noticed Terence
  2242 | D:2      | Killed Terence
  2800 | D:2      | Reached skill level 6 in Stealth
  3161 | D:3      | Reached XP level 5. HP: 32/36 MP: 9/9
  3209 | D:3      | Reached skill level 1 in Armour
  3781 | D:3      | Reached skill level 1 in Shields
  3782 | D:3      | Reached skill level 1 in Fighting
  3792 | D:3      | Reached XP level 6. HP: 27/43 MP: 10/10
  4212 | D:3      | Learned a level 3 spell: Confuse
  4215 | D:3      | Learned a level 2 spell: Ensorcelled Hibernation
  4692 | D:3      | Found a shadowy altar of Dithmenos.
  4990 | D:4      | Reached skill level 7 in Stealth
  5529 | D:4      | Reached XP level 7. HP: 49/49 MP: 3/12
  6157 | D:4      | Got a fine robe
  6168 | D:4      | Identified the +0 robe of Alagrad {-Cast rPois rN+} (You found it on level 4 of the Dungeon)
  6195 | D:4      | Found a staircase to the Ecumenical Temple.
  6204 | Temple   | Entered the Ecumenical Temple
  6236 | Temple   | Became a worshipper of Kikubaaqudgha
  6364 | D:4      | Reached skill level 1 in Ice Magic
  6459 | D:4      | Found a stormy altar of Qazlal.
  6571 | D:4      | Found a shattered altar of Ashenzari.
  6572 | D:4      | Reached skill level 5 in Dodging
  6674 | D:5      | Entered Level 5 of the Dungeon
  6872 | D:5      | Noticed Menkaure
  6910 | D:5      | Acquired Kikubaaqudgha's first power
  6910 | D:5      | Received a gift from Kikubaaqudgha
  6916 | D:5      | Learned a level 3 spell: Dazzling Spray
  6920 | D:5      | Identified Kikubaaqudgha's Disquisition on Sinister Secrets (Kikubaaqudgha gifted it to you on level 5 of the Dungeon)
  7220 | D:5      | Killed Menkaure
  7220 | D:5      | Reached skill level 8 in Stealth
  7492 | D:5      | Reached XP level 8. HP: 56/56 MP: 10/14
  7936 | D:6      | Reached skill level 9 in Stealth
  8606 | D:6      | Acquired Kikubaaqudgha's second power
  8961 | D:6      | Reached skill level 10 in Stealth
  9242 | D:6      | Found an ancient bone altar of Kikubaaqudgha.
  9434 | D:7      | Reached XP level 9. HP: 47/64 MP: 18/18
  9598 | D:7      | Noticed Blork the orc
  9608 | D:7      | Killed Blork the orc
  9898 | D:7      | Reached skill level 11 in Stealth
 10123 | D:7      | Received a gift from Kikubaaqudgha
 10126 | D:7      | Identified Kikubaaqudgha's Incunabulum of Evil Rites (Kikubaaqudgha gifted it to you on level 7 of the Dungeon)
 10129 | D:7      | Learned a level 1 spell: Animate Skeleton
 10158 | D:7      | Found a shadowy altar of Dithmenos.
 11064 | D:8      | Noticed a centaur zombie
 11085 | D:8      | Killed a centaur zombie
 11123 | D:8      | Noticed Edmund
 11126 | D:8      | Reached skill level 12 in Stealth
 11126 | D:8      | Reached skill level 1 in Necromancy
 11133 | D:8      | Killed Edmund
 11206 | D:8      | Reached XP level 10. HP: 56/71 MP: 21/21
 11925 | D:8      | Noticed Prince Ribbit
 11932 | D:8      | Killed Prince Ribbit
 11954 | D:8      | Reached skill level 5 in Spellcasting
 12008 | D:8      | Acquired Kikubaaqudgha's third power
 12252 | D:9      | Found a deep blue altar of Sif Muna.
 12253 | D:9      | Found a sacrificial altar of Ru.
 12256 | D:9      | Found a white marble altar of Elyvilon.
 12257 | D:9      | Found a basalt altar of Yredelemnul.
 12342 | D:9      | Found Nariboxu's General Store.
 12352 | D:9      | Noticed Psyche
 12373 | D:9      | Killed Psyche
 12383 | D:9      | Reached skill level 5 in Short Blades
 12500 | D:9      | HP: 3/71 [gargoyle/stone arrow (26)]
 13220 | D:9      | Found a staircase to the Lair.
 13619 | D:9      | Your ally Psyche died
 13813 | D:9      | Noticed Joseph
 13831 | D:9      | Reached skill level 13 in Stealth
 13844 | D:9      | Killed Joseph
 14061 | D:9      | Learned a level 2 spell: Sure Blade
 14065 | D:9      | Learned a level 3 spell: Regeneration
 14179 | D:10     | Entered Level 10 of the Dungeon
 14485 | D:10     | Noticed Maurice
 14496 | D:10     | Killed Maurice
 14496 | D:10     | Reached skill level 14 in Stealth
 14649 | D:10     | Reached XP level 11. HP: 78/78 MP: 19/25
 14741 | D:10     | Your ally Maurice died
 14751 | D:10     | Reached skill level 10 in Hexes
 14821 | D:10     | Noticed Erica
 14833 | D:10     | Killed Erica
 14993 | D:10     | Found a staircase to the Orcish Mines.
 15155 | D:11     | Acquired Kikubaaqudgha's fourth power
 15541 | D:11     | Reached skill level 15 in Stealth
 15665 | D:11     | Found Schuasodu's General Store.
 15673 | D:11     | Bought a scroll of blinking for 105 gold pieces
 15678 | D:11     | Learned a level 4 spell: Enslavement
 15748 | D:11     | Found Sadoff's General Store.
 15750 | D:11     | Noticed a hill giant
 15755 | D:11     | Killed a hill giant
 15808 | D:11     | Found Ynualec's General Store.
 15849 | D:11     | Found Shuc Kla's Magic Scroll Shoppe.
 15878 | D:11     | Bought a scroll of blinking for 82 gold pieces
 16120 | D:11     | Found Yreguim's General Store.
 16153 | D:12     | Noticed a hill giant
 16185 | D:12     | Killed a hill giant
 16416 | D:12     | Noticed a hill giant
 16428 | D:12     | Killed a hill giant
 16428 | D:12     | Reached skill level 5 in Fighting
 16593 | D:12     | Gained mutation: You can translocate small distances at will. [potion of mutation]
 16593 | D:12     | Gained mutation: You have difficulty communicating with the divine. [potion of mutation]
 16594 | D:12     | Lost mutation: You have difficulty communicating with the divine. [potion of cure mutation]
 16594 | D:12     | Lost mutation: You can translocate small distances at will. [potion of cure mutation]
 16595 | D:12     | Gained mutation: You are partially covered in yellow scales (AC +2). [potion of mutation]
 16595 | D:12     | Gained mutation: You are clumsy. (Dex -2) [potion of mutation]
 16595 | D:12     | Gained mutation: You are partially covered in large bone plates (AC +2, SH +2). [potion of mutation]
 16596 | D:12     | Lost mutation: You are clumsy. (Dex -2) [potion of cure mutation]
 16596 | D:12     | Lost mutation: You are partially covered in large bone plates (AC +2, SH +2). [potion of cure mutation]
 16596 | D:12     | Lost mutation: You are partially covered in yellow scales (AC +2). [potion of cure mutation]
 16688 | D:12     | Reached XP level 12. HP: 86/86 MP: 22/27
 16694 | D:12     | Learned a level 2 spell: Sublimation of Blood
 16759 | D:12     | Found a sacrificial altar of Ru.
 17461 | D:13     | Reached skill level 16 in Stealth
 17548 | D:14     | Found a gate to the Vaults.
 17549 | D:14     | Noticed a yaktaur captain
 17567 | D:14     | Shot with a bolt by a yaktaur captain

Action                   |  1- 3 |  4- 6 |  7- 9 | 10-12 || total
-------------------------+-------+-------+-------+-------++-------
Melee: Dagger            |   117 |   177 |   374 |   225 ||   893
       Trident           |       |    19 |       |       ||    19
       Rapier            |       |    36 |       |       ||    36
       Falchion          |       |    24 |       |       ||    24
       Short sword       |       |       |   147 |   324 ||   471
Throw: Tomahawk          |       |       |       |     5 ||     5
 Cast: Corona            |     2 |     2 |     5 |       ||     9
       Ensorcelled Hiber |       |    10 |     6 |       ||    16
       Confuse           |       |     1 |    23 |    61 ||    85
       Dazzling Spray    |       |       |     5 |       ||     5
       Animate Skeleton  |       |       |     4 |    32 ||    36
       Enslavement       |       |       |       |     6 ||     6
Invok: Receive Corpses   |       |       |       |     1 ||     1
 Abil: End Transformatio |       |     3 |     2 |     4 ||     9
       Bat Form          |       |     3 |     2 |     4 ||     9
Evoke: Wand              |       |       |       |     5 ||     5
  Use: Potion            |     1 |     6 |    10 |    11 ||    28
       Scroll            |       |     2 |     3 |    21 ||    26
 Stab: Sleeping          |     8 |    11 |    39 |    61 ||   119
       Distracted        |       |     3 |     4 |     3 ||    10
       Invisible         |       |       |     2 |       ||     2
       Confused          |       |       |    11 |    20 ||    31
  Eat: Corpse            |       |     2 |       |     4 ||     6
